 Dungeon Crawl Stone Soup version 0.29.1-12-g30fa7ad0bf (webtiles) character file.

Game seed: 13844221435147592107

619 hawla the Chiller (level 8, 0/59 HPs)
             Began as a Meteoran Ice Elementalist on Dec 15, 2022.
             Slain by Pikel
             ... wielding a +0 whip of freezing
              (1 damage)
             ... on level 5 of the Dungeon.
             The game lasted 00:10:44 (1808 turns).

hawla the Chiller (Meteoran Ice Elementalist)       Turns: 1808, Time: 00:10:45

Health: 0/59       AC:  3    Str:  7 (9)  XL:     8   Next: 4%
Magic:  11/16      EV: 12    Int: 16 (19) God:
Gold:   70         SH:  0    Dex: 13 (15) Spells: 7/17 levels left

rFire   . . .      SeeInvis .   g - +2 dagger (vamp)
rCold   . . .      Faith    .   (no shield)
rNeg    . . .      Spirit   .   a - +0 robe
rPois   .          Reflect  .   l - +0 helmet
rElec   .          Harm     .   (no cloak)
rCorr   .          Rampage  .   (no gloves)
Will    +....                   (no boots)
Stlth   +.........              (no amulet)
HPRegen 0.19/turn               (no ring)
MPRegen 0.15/turn               (no ring)

@: confused, ambrosia-drunk, glowing
A: sense surroundings 1, otherworldly, glowing, explore regen
a: no special abilities


You were on level 5 of the Dungeon.
You visited 1 branch of the dungeon, and saw 5 of its levels.
You also visited: Sewer.

You collected 136 gold pieces.
You spent 66 gold pieces at shops.

Inventory:

Hand Weapons
 g - a +2 vampiric dagger (weapon)
Armour
 a - a +0 robe (worn)
 l - a +0 helmet (worn)
Scrolls
 c - a scroll of noise {unknown}
 d - a scroll of enchant armour {unknown}
 e - 3 scrolls of teleportation {unknown}
 f - a scroll of acquirement {unknown}
 k - a scroll of vulnerability {unknown}
 n - a scroll of identify {unknown}
 p - a scroll of blinking {unknown}
 q - a scroll of amnesia {unknown}
Potions
 b - a potion of haste
 i - a potion of flight


   Skills:
 + Level 1.0 Fighting
 + Level 2.9 Dodging
 - Level 1.4 Stealth
 + Level 5.0 Spellcasting
 + Level 5.4 Conjurations
 + Level 3.3 Translocations
 + Level 5.9 Ice Magic


You had 7 spell levels left.
You knew the following spells:

 Your Spells              Type           Power      Damage    Failure   Level
a - Freeze                Ice            92%        1d10      1%          1
b - Frozen Ramparts       Ice            46%        1d7       4%          3
c - Hailstorm             Conj/Ice       22%        3d7       14%         4
d - Blink                 Tloc           28%        N/A       6%          2

Your spell library contained the following spells:

 Spells                   Type           Power      Damage    Failure   Level
 Ozocubu's Armour         Ice            23%        N/A       4%          3
 Lesser Beckoning         Tloc           14%        N/A       12%         3
 Conjure Flame            Conj/Fire      12%        6-21      16%         3
 Ignite Poison            Fire/Tmut/Pois 4%         N/A       41%         3
 Sticky Flame             Conj/Fire      12%        2d4       45%         4
 Manifold Assault         Tloc           14%        N/A       71%         5


Dungeon Overview and Level Annotations

Branches:
Dungeon (5/15) Zot: 1633    Sewer (visited)
 Temple: D:4-7

Altars:
Makhleb

Shops:
D:3 (   D:4 !

Annotations:
D:5 Pikel


Innate Abilities, Weirdness & Mutations

You passively map a small area around you.
You are easily found by Zot.
You glow in the dark.
You regain HP and MP as you explore.


Message History

Pikel hits you with a +0 whip of freezing.
Pikel freezes you.
You hit Pikel.
You feel better.
Pikel is almost dead.
Pikel misses you.
You feel better. Pikel misses you.
You barely miss Pikel.
Pikel is severely wounded.
Pikel hits you with a +0 whip of freezing!
Pikel freezes you.
You closely miss Pikel.
Pikel is severely wounded.
Pikel misses you.
It was a potion of degeneration.
There was something very wrong with that liquid.
You feel weakened.
You feel dopey.
You feel clumsy.
Pikel says, "You'll feel the lick of my whip!"
Pikel hits you with a +0 whip of freezing!
* * * LOW HITPOINT WARNING * * *
Pikel freezes you.
* * * LOW HITPOINT WARNING * * *
You feel better. Pikel misses you.
It was a potion of cancellation.
You feel magically purged.
Pikel hits you with a +0 whip of freezing.
* * * LOW HITPOINT WARNING * * *
Pikel freezes you.
* * * LOW HITPOINT WARNING * * *
It was a potion of ambrosia.
You are confused.
You feel invigorated.
Pikel hits you with a +0 whip of freezing!
* * * LOW HITPOINT WARNING * * *
Pikel freezes you.
* * * LOW HITPOINT WARNING * * *
You closely miss Pikel.
Pikel is severely wounded.
Pikel hits you with a +0 whip of freezing.
* * * LOW HITPOINT WARNING * * *
Pikel freezes you.
You die...

#### ..######### *
** #.#......... * *
#@#......... , ,,
*#K#......... ,,,
#5#.......# ## , ,
#5'...5...# ..#
#.#.5.....# .... ,
*#.#....K..##.5..,,
, ,
#.#.....5.......
8#.#.....5....... ,
, #.#..........5..


You could see Pikel and 2 lemures.

Vanquished Creatures
  Eustachio (D:5)
  2 lemures (D:5)
  2 kobold brigands (Sewer)
  A scorpion (D:4)
  A gnoll bouda (D:4)
  2 orc priests (D:4)
  4 gnolls (D:4)
  9 adders
  2 river rats (Sewer)
  2 dart slugs
  2 worms
  8 orcs (D:4)
  3 endoplasms
  2 goblins
  3 hobgoblins
  3 jackals (Sewer)
  5 kobolds
  2 quokkas
  6 ball pythons
  3 frilled lizards (Sewer)
  3 rats
66 creatures vanquished.

Vanquished Creatures (others)
  4 plants (Sewer)
4 creatures vanquished.

Grand Total: 70 creatures vanquished

Notes
Turn   | Place    | Note
-------+----------+-------------------------------------------
     0 | D:1      | hawla the Meteoran Ice Elementalist began the quest for the
                  | Orb.
     0 | D:1      | Reached XP level 1. HP: 14/14 MP: 5/5
    55 | D:1      | Reached XP level 2. HP: 3/20 MP: 0/6
   142 | D:2      | Found a faded altar of an unknown god.
   251 | D:3      | Reached skill level 5 in Ice Magic
   251 | D:3      | Reached XP level 3. HP: 24/26 MP: 4/8
   489 | D:3      | Found Bam Pemp's Weapon Boutique.
   617 | D:3      | Found a glowing drain.
   629 | Sewer    | Entered a sewer
   634 | Sewer    | Learned a level 3 spell: Frozen Ramparts
   653 | Sewer    | Reached XP level 4. HP: 13/33 MP: 2/10
   658 | Sewer    | Learned a level 4 spell: Hailstorm
   667 | Sewer    | Reached skill level 1 in Conjurations
   764 | Sewer    | Noticed a kobold brigand
   772 | Sewer    | Killed a kobold brigand
   773 | Sewer    | Reached XP level 5. HP: 18/38 MP: 3/11
   947 | Sewer    | Reached XP level 6. HP: 45/45 MP: 8/12
   974 | Sewer    | Reached skill level 5 in Conjurations
  1034 | Sewer    | Glimpsed the power of Zot.
  1162 | D:4      | Found Foxtim's Distillery.
  1169 | D:4      | Bought a potion of curing for 33 gold pieces
  1169 | D:4      | Bought a potion of flight for 33 gold pieces
  1216 | D:4      | Reached XP level 7. HP: 37/51 MP: 0/14
  1448 | D:4      | Reached skill level 5 in Spellcasting
  1453 | D:4      | Reached skill level 1 in Fighting
  1576 | D:4      | Found a burning altar of Makhleb.
  1697 | D:4      | Learned a level 2 spell: Blink
  1720 | D:5      | Entered Level 5 of the Dungeon
  1720 | D:5      | Noticed Eustachio
  1770 | D:5      | Noticed Pikel
  1785 | D:5      | Killed Eustachio
  1786 | D:5      | Reached XP level 8. HP: 56/59 MP: 4/16
  1807 | D:5      | HP: 1/59 [Pikel/+0 whip of freezing (2)]
  1808 | D:5      | Slain by Pikel

Illustrated notes

Levels and vault maps discovered:
D:1:      roderic_octagonal_star, layout_basic, hangedman_decor_opposing
D:2:      layout_basic, shapermc_ecumenical_altar_mp_ritualfount,
          guppyfry_early_lair_pool, uniq_crazy_yiuf_cottage
D:3:      layout_basic, kennysheep_okawaru_gauntlet, serial_shops, shop,
          cheibrodos_sewer_entry_bend
D:4:      layout_cave_pools, general_overflow_altar, serial_shops,
          nicolae_shop_trees, corexii_shack, st_stairs_1
D:5:      layout_gridville, good_gods_temple_1, nicolae_overflow_hidden_temple,
          nicolae_gozag_seed_capital, mainiacjoe_overflow_brackets,
          minmay_temple_entry_trees, gammafunk_ghost_nasty_kobolds,
          minivault_24, minmay_shop_damaged, uniq_duvessa, uniq_pikel,
          uniq_menkaure, uniq_eustachio

Skill      XL: |  1  2  3  4  5  6  7 |
---------------+----------------------+-----
Spellcasting   | 3 4 5 |  5.0
Ice Magic      | 5 |  5.9
Conjurations   | 3 4 5 |  5.4
Fighting       | 1 |  1.0
Translocations | 3 |  3.3
Dodging        | |  2.9
Stealth        | |  1.4

Action                   |  1- 3 |  4- 6 |  7- 9 || total
-------------------------+-------+-------+-------++-------
Melee: Dagger            |     2 |    39 |    35 ||    76
 Cast: Freeze            |    24 |     6 |    12 ||    42
       Frozen Ramparts   |     1 |    16 |    11 ||    28
       Hailstorm         |       |     3 |     7 ||    10
  Use: Potion            |       |     2 |     6 ||     8
Armor: Robe              |     2 |     3 |     2 ||     7
Dodge: Dodged            |     6 |    27 |    30 ||    63
